AoeStats
← BenJames

African Clearing

506571724Analyzed
4v4 RM · 17d ago on Sep 14, 2026· 64m 42s· 8 players
Game mode
Random Map
Map size
Large (8 player)
Population
200
Speed
Normal
Resources
Standard
Victory
Conquest
Starting age
Dark Age
Ending age
Imperial Age
RankedLock teamsTeams togetherTeam positionsShared explorationLock speedFull tech treeHidden civsTurbo modeCheats
Victory
Defeat
🇵🇪 Huns · Peru
1240
+13
🇲🇽 Wu · Mexico
1224
+14
🇲🇽 Wei · Mexico
1137
+17
🇲🇽 Byzantines · Mexico
1119
+18
🇨🇦 Berbers · Canada
1202
-17
🇦🇷 Huns · Argentina
1200
-17
🇲🇽 Mongols · Mexico
1163
-15
🇨🇴 Malians · Colombia
1118
-13
Earl Hickey
4:05 Loom
13:34 Feudal Age
19:43 Castle Age
24:24 Fletching
31:22 Town Watch
32:25 Bodkin Arrow
33:10 Padded Archer Armor
34:19 Double-Bit Axe
34:46 Horse Collar
36:11 Town Watch
44:37 Bow Saw
44:38 Heavy Plow
45:50 Wheelbarrow
46:37 Gold Mining
47:23 Thumb Ring
48:20 Ballistics
58:37 Imperial Age
Vaod1
5:53 Loom
12:39 Feudal Age
14:03 Double-Bit Axe
15:52 Horse Collar
17:51 Bloodlines
20:36 Castle Age
19:45 Scale Barding Armor
20:01 Gold Mining
21:46 Chain Barding Armor
23:45 Husbandry
25:57 Wheelbarrow
28:43 Forging
30:56 Iron Casting
30:17 Fletching
34:42 Bodkin Arrow
35:50 Hand Cart
51:24 Stone Mining
55:31 Imperial Age
55:40 Heavy Camel Rider
56:57 Plate Barding Armor
57:03 Bow Saw
56:55 Bracer
BenJames
4:40 Loom
13:33 Feudal Age
17:40 Castle Age
15:52 Double-Bit Axe
16:34 Scale Mail Armor
16:46 Stone Mining
22:17 Wheelbarrow
22:18 Horse Collar
27:33 Hand Cart
27:20 Heavy Plow
30:59 Forging
31:05 Chain Mail Armor
30:59 Scale Barding Armor
31:39 Husbandry
31:50 Bloodlines
33:06 Iron Casting
33:10 Chain Barding Armor
32:41 Fletching
33:18 Bloodlines
33:35 Husbandry
38:24 Imperial Age
36:23 Light Cavalry
38:31 Heavy Camel Rider
39:38 Conscription
41:27 Farimba
42:39 Plate Barding Armor
55:44 Bow Saw
55:26 Gold Mining
56:09 Crop Rotation
64:32 Chain Mail Armor
lucasferraro.lp
3:32 Loom
13:20 Feudal Age
13:53 Double-Bit Axe
22:12 Castle Age
21:57 Bloodlines
28:15 Horse Collar
30:10 Fletching
30:52 Pikeman
31:33 Squires
32:40 Scale Barding Armor
33:47 Forging
37:10 Wheelbarrow
37:50 Husbandry
39:14 Hand Cart
44:44 Imperial Age
43:36 Bodkin Arrow
43:42 Scale Mail Armor
43:40 Gold Mining
43:42 Stone Mining
43:49 Arson
43:42 Elite Skirmisher
43:48 Light Cavalry
46:08 Gold Shaft Mining
46:02 Conscription
45:19 Cavalier
46:01 Padded Archer Armor
46:18 Chain Mail Armor
47:52 Iron Casting
51:15 Chain Barding Armor
50:57 Town Watch
54:56 Thumb Ring
57:14 Chemistry
58:18 Bow Saw
59:09 Blast Furnace
58:28 Bracer
58:07 Halberdier
61:43 Heavy Plow
Gaby Phalange
5:16 Loom
14:41 Feudal Age
16:46 Double-Bit Axe
20:37 Castle Age
22:19 Bow Saw
25:28 Wheelbarrow
25:57 Scale Barding Armor
29:27 Imperial Age
27:48 Husbandry
27:47 Stone Mining
27:51 Gold Mining
29:19 Stone Shaft Mining
29:18 Padded Archer Armor
29:18 Crossbowman
31:45 Hand Cart
33:46 Chain Barding Armor
33:37 Forging
34:29 Arbalester
35:05 Horse Collar
36:37 Plate Barding Armor
36:37 Iron Casting
37:27 Heavy Camel Rider
42:56 Gold Shaft Mining
43:11 Leather Archer Armor
42:46 Fletching
43:22 Ballistics
42:58 Murder Holes
46:10 Bodkin Arrow
46:45 Ring Archer Armor
46:37 Thumb Ring
50:03 Cavalier
51:51 Bracer
52:38 Elite Skirmisher
54:56 Two-Man Saw
[IMa]Marinho
5:28 Loom
12:39 Feudal Age
13:19 Double-Bit Axe
18:17 Horse Collar
22:25 Castle Age
21:15 Scale Mail Armor
21:25 Forging
22:13 Bloodlines
23:13 Squires
23:34 Chain Mail Armor
23:54 Iron Casting
34:07 Wheelbarrow
33:18 Town Watch
36:20 Hand Cart
36:54 Bow Saw
36:49 Pikeman
37:31 Gold Mining
37:47 Arson
38:18 Town Patrol
42:50 Imperial Age
41:38 Crossbowman
42:09 Fletching
42:20 Padded Archer Armor
41:46 Elite Skirmisher
43:14 Bodkin Arrow
43:46 Arbalester
46:02 Conscription
46:10 Bracer
47:37 Gold Shaft Mining
46:52 Stone Mining
47:22 Sitting Tiger
48:37 Chemistry
50:21 Halberdier
52:51 Blast Furnace
52:22 Plate Mail Armor
57:33 Ballistics
64:36 Elite Fire Archer
[IMa]Mikou
4:44 Loom
13:46 Feudal Age
15:19 Double-Bit Axe
19:21 Castle Age
17:56 Fletching
18:54 Padded Archer Armor
19:03 Gold Mining
19:25 Bloodlines
20:12 Town Watch
22:52 Crossbowman
23:55 Bodkin Arrow
27:26 Ballistics
28:09 Husbandry
32:12 Elite Skirmisher
34:49 Leather Archer Armor
39:33 Wheelbarrow
43:19 Imperial Age
42:03 Forging
41:58 Scale Barding Armor
43:39 Thumb Ring
44:16 Bracer
44:30 Cavalier
46:49 Iron Casting
46:35 Chain Barding Armor
51:36 Blast Furnace
50:56 Chain Barding Armor
51:02 Murder Holes
52:15 Horse Collar
52:47 Bow Saw
52:56 Hand Cart
55:03 Gold Shaft Mining
55:59 Two-Man Saw
55:01 Heavy Plow
54:31 Paladin
56:04 Masonry
57:31 Plate Barding Armor
56:58 Stone Mining
59:05 Town Patrol
61:25 Chemistry
61:04 Parthian Tactics
60:10 Heavy Cavalry Archer
60:23 Light Cavalry
62:00 Conscription
61:50 Hussar
AgeOfY
6:47 Loom
14:11 Feudal Age
14:46 Double-Bit Axe
14:53 Horse Collar
16:53 Bloodlines
18:56 Wheelbarrow
22:50 Castle Age
21:13 Scale Barding Armor
22:09 Forging
23:52 Heavy Plow
24:05 Bow Saw
24:10 Gold Mining
25:42 Husbandry
27:25 Chain Barding Armor
30:50 Iron Casting
36:26 Fletching
39:37 Imperial Age
37:38 Bodkin Arrow
38:16 Town Watch
41:36 Blast Furnace
45:53 Conscription
46:27 Crop Rotation
48:19 Bracer
47:48 Heavy Hei Guang Cavalry
51:10 Hand Cart
55:12 Chemistry
55:38 Ballistics
55:40 Scale Mail Armor
65:12 Ming Guang Armor
Connection lost

Rejoining the realm…

Still unreachable

The connection could not be restored.

Session expired

The server has moved on; the page needs a fresh start.